 Dungeon Crawl Stone Soup version 0.29.1-15-g9cfb28693d (webtiles) character file.

Game seed: 5507786507364409928

39 javelincjr the Magician (level 3, -1/25 HPs)
             Began as a Demonspawn Hedge Wizard on Apr 4, 2023.
             Killed from afar by Sigmund (10 damage)
             ... with a puff of flame
             ... on level 2 of the Dungeon.
             The game lasted 00:06:54 (1523 turns).

javelincjr the Magician (Demonspawn Hedge Wizard)   Turns: 1523, Time: 00:06:55

Health: -1/25      AC:  3    Str: 12    XL:     3   Next: 26%
Magic:  7/7        EV: 12    Int: 15    God:
Gold:   35         SH:  0    Dex: 12    Spells: 7/8 levels left

rFire   . . .      SeeInvis .   a - +0 dagger
rCold   . . .      Faith    .   (no shield)
rNeg    . . .      Spirit   .   b - +0 robe
rPois   .          Reflect  .   c - +0 hat
rElec   .          Harm     .   g - +0 cloak
rCorr   .          Rampage  .   (no gloves)
Will    .....                   (no boots)
Stlth   +.........              (no amulet)
HPRegen 0.08/turn               (no ring)
MPRegen 0.10/turn               (no ring)

@: confused
A: ignite blood 1, weakness stinger 1
a: no special abilities


You were on level 2 of the Dungeon.
You visited 1 branch of the dungeon, and saw 2 of its levels.

You collected 35 gold pieces.

Inventory:

Hand Weapons
 a - a +0 dagger (weapon)
Missiles
 j - 6 boomerangs of dispersal
Armour
 b - a +0 robe (worn)
 c - a +0 hat (worn)
 g - a +0 cloak (worn)
Magical Staves
 f - a staff of poison
Scrolls
 e - a scroll of teleportation {unknown}
Potions
 d - a potion of magic
 h - a potion of heal wounds {unknown}
 i - a potion of flight {unknown}


   Skills:
 * Level 0.6 Fighting
 + Level 0.2 Armour
 + Level 2.0 Dodging
 - Level 1.9 Stealth
 * Level 3.2 Spellcasting
 + Level 1.3 Conjurations
 + Level 1.5 Summonings
 + Level 1.2 Translocations
 + Level 0.5 Invocations


You had 7 spell levels left.
You knew the following spells:

 Your Spells              Type           Power      Damage    Failure   Level
a - Magic Dart            Conj           24%        1d4       11%         1

Your spell library contained the following spells:

 Spells                   Type           Power      Damage    Failure   Level
 Call Imp                 Summ           7%         N/A       16%         2
 Blink                    Tloc           12%        N/A       19%         2
 Slow                     Hex            8%         N/A       21%         1
 Conjure Flame            Conj/Fire      4%         6-21      41%         3
 Mephitic Cloud           Conj/Pois/Air  3%         N/A       43%         3


Dungeon Overview and Level Annotations

Branches:
Dungeon (2/15)

Altars:
Uskayaw

Shops:
D:1 !

Annotations:
D:2 Sigmund


Innate Abilities, Weirdness & Mutations

Your demonic aura sometimes causes spilled blood to erupt in flames.
You have a small tail.


Message History

You now have 35 gold pieces (gained 7).
HP restored.
Magic restored.
Found a stone staircase leading down.
A hobgoblin comes into view.
The magic dart hits the hobgoblin.
The hobgoblin is heavily wounded.
The hobgoblin shouts!
The magic dart hits the hobgoblin.
The hobgoblin is heavily wounded.
You can't see any susceptible monsters within range! (Use Z to cast anyway.) No target in view!
Sigmund the Dreaded comes into view.
He is wielding a +0 scythe.
You miscast Magic Dart.
You are very lightly contaminated with residual magic.
Nothing appears to happen.
Sigmund shouts!
Sigmund casts a spell.
Sigmund flickers and vanishes!
Deactivating autopickup; reactivate with Ctrl-A.
Your magical contamination has completely faded away.
You are confused.
You're too confused to move!
You hit the hobgoblin.
You kill the hobgoblin!
You feel less confused.
You are confused.
You're too confused to move!
A puff of flame appears from out of thin air!
The puff of flame hits you.
You bump into the rock wall.
You hear some strange, mumbled words.
You are more confused.
You bump into the rock wall.
You bump into the rock wall.
Something hits you!
You bump into the rock wall.
You hear some strange, mumbled words.
A puff of flame appears from out of thin air!
The puff of flame hits you!
You die...

#........#†#
#..........#
#.........## #.........#
######..## #.## ### #
###.# #.# #.####.{.#
#.##### #.###.#)..@###
#.....#
#....)..##########.###.#
#..##...........##.# #.#
###########.##.# #.#
#.##.# #.# ####....# #.#
#...##### #.# #.#.# #.#
######.#.# #.#


There were no monsters in sight!

Vanquished Creatures
  An adder (D:2)
  2 dart slugs (D:1)
  A ball python (D:1)
  An endoplasm (D:1)
  4 hobgoblins
  6 jackals (D:1)
  A quokka (D:1)
  2 bats (D:1)
  A frilled lizard (D:1)
  2 kobolds
  3 rats
24 creatures vanquished.

Notes
Turn   | Place    | Note
-------+----------+-------------------------------------------
     0 | D:1      | javelincjr the Demonspawn Hedge Wizard began the quest for
                  | the Orb.
     0 | D:1      | Reached XP level 1. HP: 13/13 MP: 4/4
    17 | D:1      | Found Cyrymepun's Distillery.
    66 | D:1      | Reached skill level 1 in Translocations
   417 | D:1      | Discovered your monstrous ancestry.
   417 | D:1      | Gained mutation: You have a small tail. [demonic ancestry]
   417 | D:1      | Reached XP level 2. HP: 14/19 MP: 0/6
   543 | D:1      | Found a faded altar of an unknown god.
   551 | D:1      | Prayed at the altar of an unknown god.
   551 | D:1      | Became a worshipper of Uskayaw the Reveller
   551 | D:1      | Reached * piety under Uskayaw
   552 | D:1      | Fell from the grace of Uskayaw
   849 | D:1      | Paralysed by the fury of Uskayaw for 4 turns
  1399 | D:2      | Gained mutation: Your demonic aura sometimes causes spilled
                  | blood to erupt in flames. [demonic ancestry]
  1399 | D:2      | Reached XP level 3. HP: 23/25 MP: 1/7
  1400 | D:2      | Paralysed by the fury of Uskayaw for 2 turns
  1492 | D:2      | Noticed Sigmund
  1523 | D:2      | Killed from afar by Sigmund

Illustrated notes

Levels and vault maps discovered:
D:1:      dpeg_arrival_rooms_b, layout_basic, serial_shops, shop,
          basic_ecumenical_altar
D:2:      layout_basic, uniq_sigmund, uniq_crazy_yiuf_cottage

Skill      XL: |  1  2 |
---------------+-------+-----
Translocations | 1 |  1.2
Dodging        | 2 |  2.0
Fighting       | |  0.6
Armour         | |  0.2
Stealth        | |  1.9
Spellcasting   | |  3.2
Conjurations   | |  1.3
Summonings     | |  1.5
Invocations    | |  0.5

Action                   || total
-------------------------++-------
Melee: Dagger            ||    43
       Tailslap          ||     5
 Cast: Magic Dart        ||    51
Invok: Renounce Religion ||     1
Armor: Robe              ||    23
Dodge: Dodged            ||    33
